 Dungeon Crawl Stone Soup version 0.17-a0-1596-g1e86911 (webtiles) character file.

346 Nakatomy the Magician (level 6, -2/32 HPs)
             Began as a Gargoyle Earth Elementalist on July 30, 2015.
             Killed from afar by an orc wizard (3 damage)
             ... with a magic dart
             ... on level 4 of the Dungeon.
             The game lasted 00:34:56 (5100 turns).

Nakatomy the Magician (Gargoyle Earth Elementalist) Turns: 5100, Time: 00:34:56

Health: -2/32      AC:  7    Str: 12    XL:     6   Next: 59%
Magic:  9/13       EV: 17    Int: 17    God:
Gold:   223        SH:  0    Dex: 15    Spells: 4 memorised, 3 levels left

rFire  . . .     SeeInvis .     a - 111 stones
rCold  . . .     Clarity  .     u - +1 robe "Gettynn" {Slay+3 Stlth+}
rNeg   + . .     SustAt   .     (no shield)
rPois  ∞         Gourm    .     (no helmet)
rElec  +         Spirit   .     (no cloak)
rCorr  .         Warding  .     (no gloves)
rMut   +         Stasis   .     (no boots)
MR     .....                    l - amulet of resist mutation
Stlth  ++++......               (no ring)
                                m - ring of poison resistance

@: agile, flying, not resistant to hostile enchantments, stealthy
A: negative energy resistance 1, electricity resistance, wild magic 1,
unbreathing, petrification resistance, rot immunity, AC +4
a: no special abilities


You were on level 4 of the Dungeon.
You were very hungry.

You visited 2 branches of the dungeon, and saw 5 of its levels.

You collected 223 gold pieces.

Inventory:

Hand weapons
 q - a +3 dagger
Missiles
 a - 111 stones (in hand)
Armour
 b - a +0 robe
 u - the +1 robe "Gettynn" (worn) {Slay+3 Stlth+}
   (You found it on level 4 of the Dungeon)

   It affects your accuracy and damage with ranged weapons and melee attacks
   (+3).
   It makes you more stealthy.
Jewellery
 f - a cursed ring of loudness {unknown}
 l - an amulet of resist mutation (around neck)
 m - a ring of poison resistance (left hand)
Magical devices
 o - a wand of confusion (19)
Scrolls
 e - 2 scrolls of remove curse
 h - 2 scrolls of identify
 k - 2 scrolls of recharging
 n - 2 scrolls of random uselessness
Potions
 i - 3 potions of degeneration
 j - a potion of flight
 v - a potion of lignification {unknown}
Books
 c - a book of Geomancy

   Spells                             Type                      Level
   a - Sandblast                      Earth                        1
   b - Stoneskin                      Transmutation/Earth          2
   c - Passwall                       Transmutation/Earth          3
   d - Stone Arrow                    Conjuration/Earth            3
   e - Petrify                        Transmutation/Earth          4
   f - Lee's Rapid Deconstruction     Earth                        5
 r - a book of the Tempests

   Spells                             Type                      Level
   a - Static Discharge               Conjuration/Air              3
   b - Lightning Bolt                 Conjuration/Air              5
   c - Fireball                       Conjuration/Fire             5
   d - Tornado                        Air                          9
   e - Shatter                        Earth                        9
Comestibles
 d - 5 bread rations
 g - 6 fruits


   Skills:
 - Level 1.5 Dodging
 - Level 2.1 Stealth
 * Level 4.9 Spellcasting
 * Level 3.5 Conjurations
 - Level 0.7 Transmutations
 - Level 4.5 Earth Magic


You had 3 spell levels left.
You knew the following spells:

 Your Spells              Type           Power        Failure   Level  Hunger
a - Sandblast             Erth           ####..       7%          1    None
b - Stone Arrow           Conj/Erth      ####..       19%         3    ###....
c - Stoneskin             Trmt/Erth      ###.....     19%         2    #......
d - Lee's Rapid Deconstr  Erth           ####......   83%         5    ######.


Dungeon Overview and Level Annotations

Branches:
Dungeon (4/15)             Temple (1/1) D:4

Altars:
Ashenzari
Cheibriados
Dithmenos
Elyvilon
Fedhas
Makhleb
Nemelex Xobeh
Okawaru
Qazlal
Ru
Sif Muna
Vehumet
Xom
Zin
The Shining One


Innate Abilities, Weirdness & Mutations

You are resistant to torment.
Your stone body is resilient (AC +4).
You are immune to poison.
You resist negative energy.
You are resistant to electric shocks.
You can survive without breathing.
You are immune to petrification.
You are immune to rotting.
Your spells are a little harder to cast, but a little more powerful.


Message History

You're too confused!
You're too confused!
Unknown command.
Unknown command.
Drink which item? (? for menu, Esc to quit)
Okay, then.
You're too confused to cast spells.
You feel less confused.
Read which item? (? for menu, Esc to quit)
Okay, then.
Drink which item? (? for menu, Esc to quit)
It was a potion of beneficial mutation.
You feel less in control of your magic.
You feel fantastic!
Drink which item? (? for menu, Esc to quit)
It was a potion of agility.
You feel agile all of a sudden.
A magic dart appears from out of thin air!
The magic dart hits you!
You die...

#......#)..#...#.....#
##
#####..##'##,#.#.8.8.###
.#
###<#...#**#.'.._..'.#
### #...#.###
##.#.8.8.#.# ..# #.###.#
#..#.[...#.# #.# #.##..#
#.####'###.#
#.####.).).#
#.##...)...#
#......###.#
##.##.##.#.## ...##(##
#.## #.@##....###
......####..###......###
..._...#........##..##
.......#...........##
.⌠....##......######
......####..### .....##
#### ._...# ...###


There were no monsters in sight!

Vanquished Creatures
  The ghost of runewalsh the Chopper, an average OpWr (D:3)
  A crimson imp (D:4)
  An orc wizard (D:4)
  An iguana (D:4)
  2 worker ants (D:4)
  3 gnolls (D:2)
  2 adders (D:2)
  3 worms
  2 giant geckos
  6 orcs
  9 bats
  6 giant cockroaches
  5 goblins
  6 hobgoblins
  11 jackals
  3 quokkas
  4 giant newts
  6 kobolds
  5 rats
77 creatures vanquished.

Vanquished Creatures (others)
  4 fungi (D:4)
4 creatures vanquished.

Grand Total: 81 creatures vanquished

Notes
Turn   | Place    | Note
--------------------------------------------------------------
     0 | D:1      | Nakatomy the Gargoyle Earth Elementalist began the quest for the Orb.
     0 | D:1      | Reached XP level 1. HP: 10/10 MP: 3/3
   287 | D:1      | Reached XP level 2. HP: 7/15 MP: 0/5
   678 | D:1      | Reached skill level 4 in Earth Magic
  1675 | D:1      | Reached XP level 3. HP: 19/19 MP: 5/7
  1778 | D:1      | Learned a level 3 spell: Stone Arrow
  1781 | D:1      | Learned a level 2 spell: Stoneskin
  1913 | D:2      | Found a blossoming altar of Fedhas.
  2210 | D:2      | Reached XP level 4. HP: 24/24 MP: 5/8
  3084 | D:3      | Noticed runewalsh's ghost (average OpWr)
  3253 | D:3      | Killed runewalsh's ghost
  3253 | D:3      | Reached XP level 5. HP: 22/28 MP: 4/11
  3825 | D:3      | Found a shattered altar of Ashenzari.
  4011 | D:3      | Learned a level 5 spell: Lee's Rapid Deconstruction
  4297 | D:4      | Found a shimmering altar of Xom.
  4298 | D:4      | Found a burning altar of Makhleb.
  4306 | D:4      | Reached XP level 6. HP: 32/32 MP: 4/12
  4387 | D:4      | Found a sparkling altar of Nemelex Xobeh.
  4403 | D:4      | Found a radiant altar of Vehumet.
  4440 | D:4      | Found a glowing golden altar of the Shining One.
  4440 | D:4      | Found a white marble altar of Elyvilon.
  4480 | D:4      | Got a ripped robe
  4491 | D:4      | Identified the +1 robe "Gettynn" {Slay+3 Stlth+} (You found it on level 4 of the Dungeon)
  4709 | D:4      | Found a staircase to the Ecumenical Temple.
  4716 | Temple   | Entered the Ecumenical Temple
  5097 | D:4      | HP: 1/32 [something/puff of flame (5)]
  5099 | D:4      | Gained mutation: Your spells are a little harder to cast, but a little more powerful. [potion of beneficial mutation]
  5100 | D:4      | Killed from afar by an orc wizard

Vault maps used:
D:1:      wheals_arrival_linesprint, minivault_27, minivault_23,
          minmay_crystal_water
D:2:      fedhas_altar_fruit_tree
D:3:      lemuel_doored_altar, first_bread
D:4:      grunt_temple_overflow_champion_of_chaos, grunt_temple_overflow_open,
          kennysheep_little_box, temple_statues, serial_aquarium,
          aquarium_bridge_long_joined, aquarium_window_2, aquarium_window_1,
          aquarium_window_fake, aquarium_window_fake, aquarium_view_2a,
          aquarium_view_2c, aquarium_balcony_1b
Temple:   minmay_temple_curvy_8

Action                   |  1- 3 |  4- 6 || total
-------------------------+-------+-------++-------
Melee: Unarmed           |     3 |       ||     3
       Dagger            |     7 |     2 ||     9
Throw: Stone             |     4 |    12 ||    16
 Cast: Sandblast         |    73 |   124 ||   197
  Use: Scroll            |       |     8 ||     8
       Potion            |       |     3 ||     3
  Eat: Chunk             |     3 |     7 ||    10
       Beef jerky        |     1 |       ||     1
       Fruit             |       |     1 ||     1
